[ AOE2 MATCH · #513843487 ]
UnrankedGoths vs Wu
Player's team · LOSS
Rival team · WIN
[ REPLAY ANALYSIS · EXTRACTED FROM THE RECORDED GAME ]
Feudal
18:34
Castle
25:19
Imperial
—
| APM avg | 38.3 |
| APM peak | 88 |
| eAPM avg | 19.4 |
| Villagers / military | 52 / 8 |
Focus
⚔️ 13.6% · 🌾 86.4%
Huskarl ×8
Feudal
15:27
Castle
24:33
Imperial
—
| APM avg | 56.6 |
| APM peak | 93 |
| eAPM avg | 20.5 |
| Villagers / military | 71 / 30 |
Focus
⚔️ 31.6% · 🌾 68.4%
Militia ×20 · Archer ×9 · Monk ×1 · Unknown (1968) ×1
Match map
Initial resources + every placement click. Lines = walls · curves = elevation contours. ◆ gold · ⬟ stone · ● berries · ✦ relic · ◌ wall gap
Your base· Open — 8t gap
willrhyd's base· Open — unwalled flank
Smoothed initial terrain · ◌ = detected wall gap · hover for details
Inputs per minute
— kingnothing - - willrhyd
Build order — kingnothing
133 actions detected in the replay
| 0:00 | Queue | Villager (Male) |
| 0:01 | Queue | Villager (Male) |
| 0:01 | Queue | Villager (Male) |
| 0:02 | Build | House |
| 0:03 | Build | House |
| 0:12 | Research | Loom |
| 0:13 | Queue | Villager (Male) |
| 0:13 | Queue | Villager (Male) |
| 0:13 | Queue | Villager (Male) |
| 1:17 | Queue | Villager (Male) |
| 2:04 | Queue | Villager (Male) |
| 2:30 | Queue | Villager (Male) |
| 2:43 | Queue | Villager (Male) |
| 3:19 | Queue | Villager (Male) |
| 3:24 | Build | House |
| 4:11 | Queue | Villager (Male) |
| 4:11 | Queue | Villager (Male) |
| 5:12 | Queue | Villager (Male) |
| 5:13 | Queue | Villager (Male) |
| 5:38 | Build | House |
| 6:04 | Queue | Villager (Male) |
| 6:13 | Build | Mill |
| 6:28 | Queue | Villager (Male) |
| 6:51 | Queue | Villager (Male) |
| 6:51 | Queue | Villager (Male) |
| 6:51 | Queue | Villager (Male) |
| 7:13 | Queue | Villager (Male) |
| 8:47 | Queue | Villager (Male) |
| 8:47 | Queue | Villager (Male) |
| 9:02 | Queue | Villager (Male) |
| 9:02 | Queue | Villager (Male) |
| 9:06 | Queue | Villager (Male) |
| 9:33 | Queue | Villager (Male) |
| 9:38 | Queue | Villager (Male) |
| 9:38 | Queue | Villager (Male) |
| 9:54 | Queue | Villager (Male) |
| 11:04 | Build | Farm |
| 11:05 | Build | Farm |
| 11:05 | Build | Farm |
| 11:05 | Build | Farm |
| 11:05 | Build | Farm |
| 11:06 | Build | Farm |
| 11:06 | Build | Farm |
| 11:06 | Build | Farm |
| 11:06 | Build | Farm |
| 11:27 | Build | Lumber Camp |
| 11:51 | Build | House |
| 12:02 | Build | Farm |
| 12:05 | Queue | Villager (Male) |
| 12:29 | Build | Mill |
| 12:32 | Queue | Villager (Male) |
| 12:39 | Build | Farm |
| 12:41 | Queue | Villager (Male) |
| 13:04 | Queue | Villager (Male) |
| 13:11 | Build | Farm |
| 13:11 | Build | Farm |
| 13:12 | Build | Farm |
| 13:12 | Build | Farm |
| 13:21 | Build | House |
| 13:33 | Build | House |
| 13:42 | Build | Farm |
| 13:48 | Queue | Villager (Male) |
| 14:02 | Build | Farm |
| 14:03 | Queue | Villager (Male) |
| 14:09 | Build | Farm |
| 14:16 | Build | House |
| 14:40 | Queue | Villager (Male) |
| 14:55 | Build | House |
| 14:58 | Build | House |
| 14:59 | Build | House |
| 15:01 | Build | House |
| 15:04 | Build | House |
| 15:10 | Build | Palisade Wall |
| 15:14 | Queue | Villager (Male) |
| 15:19 | Queue | Villager (Male) |
| 15:24 | Build | Farm |
| 15:24 | Build | Farm |
| 15:25 | Build | Farm |
| 15:25 | Build | Farm |
| 15:25 | Build | Farm |
| 15:26 | Build | Farm |
| 15:45 | Queue | Villager (Male) |
| 15:52 | Build | House |
| 15:54 | Queue | Villager (Male) |
| 15:59 | Build | Farm |
| 16:24 | Research | Feudal Age |
| 16:30 | Build | Mining Camp |
| 16:43 | Queue | Villager (Male) |
| 17:09 | Queue | Villager (Male) |
| 17:22 | Build | House |
| 17:24 | Build | House |
| 17:26 | Build | House |
| 17:31 | Build | Palisade Wall |
| 17:35 | Build | House |
| 17:45 | Build | Palisade Wall |
| 18:00 | Queue | Villager (Male) |
| 18:07 | Queue | Villager (Male) |
| 18:14 | Build | Mining Camp |
| 18:34 | Age | Feudal Age |
| 18:41 | Build | Watch Tower |
| 18:49 | Queue | Villager (Male) |
| 19:55 | Build | House |
| 19:58 | Queue | Villager (Male) |
| 20:11 | Build | House |
| 20:16 | Build | Palisade Wall |
| 20:21 | Build | Watch Tower |
| 20:26 | Build | House |
| 20:33 | Queue | Villager (Male) |
| 20:41 | Research | Town Watch |
| 21:07 | Build | Blacksmith |
| 21:11 | Queue | Villager (Male) |
| 21:11 | Queue | Villager (Male) |
| 21:33 | Build | Market |
| 21:48 | Build | Watch Tower |
| 21:55 | Queue | Villager (Male) |
| 22:39 | Research | Castle Age |
| 22:52 | Build | Farm |
| 22:54 | Build | Farm |
| 23:21 | Build | Farm |
| 23:24 | Queue | Villager (Male) |
| 23:32 | Research | Scale Mail Armor |
| 23:54 | Build | Farm |
| 23:55 | Build | Farm |
| 24:08 | Build | Mining Camp |
| 25:19 | Age | Castle Age |
| 25:50 | Build | Castle |
| 27:10 | Queue | Huskarl ×5 |
| 27:23 | Build | Mining Camp |
| 27:26 | Queue | Huskarl |
| 27:27 | Queue | Huskarl |
| 28:18 | Build | Lumber Camp |
| 28:30 | Research | Chain Mail Armor |
| 28:34 | Queue | Huskarl |
Build order — willrhyd
First 150 of 180 actions detected
| 0:00 | Queue | Villager (Male) |
| 0:01 | Queue | Villager (Male) |
| 0:01 | Queue | Villager (Male) |
| 0:03 | Build | House |
| 0:04 | Build | House |
| 0:27 | Queue | Villager (Male) |
| 1:02 | Research | Loom |
| 1:06 | Queue | Villager (Male) |
| 1:39 | Queue | Villager (Male) |
| 2:28 | Queue | Villager (Male) |
| 2:34 | Queue | Villager (Male) |
| 2:42 | Build | Lumber Camp |
| 2:59 | Build | Lumber Camp |
| 3:06 | Queue | Villager (Male) |
| 3:37 | Queue | Villager (Male) |
| 3:56 | Queue | Villager (Male) |
| 4:05 | Queue | Villager (Male) |
| 4:34 | Queue | Villager (Male) |
| 5:17 | Queue | Villager (Male) |
| 5:20 | Build | House |
| 5:22 | Queue | Villager (Male) |
| 5:42 | Build | Palisade Wall |
| 5:42 | Build | Palisade Wall |
| 5:52 | Queue | Villager (Male) |
| 6:05 | Build | Barracks |
| 6:16 | Queue | Villager (Male) |
| 6:36 | Queue | Villager (Male) |
| 6:38 | Queue | Militia |
| 6:39 | Queue | Militia |
| 6:43 | Build | House |
| 7:14 | Queue | Militia |
| 7:17 | Queue | Villager (Male) |
| 7:58 | Queue | Villager (Male) |
| 8:07 | Queue | Villager (Male) |
| 9:11 | Build | Mill |
| 9:17 | Queue | Villager (Male) |
| 10:07 | Queue | Villager (Male) |
| 10:36 | Queue | Villager (Male) |
| 10:44 | Queue | Militia |
| 10:46 | Build | House |
| 10:47 | Queue | Villager (Male) |
| 11:16 | Queue | Villager (Male) |
| 11:22 | Build | Farm |
| 11:25 | Build | Farm |
| 11:26 | Build | Farm |
| 11:26 | Build | Farm |
| 11:39 | Queue | Villager (Male) |
| 11:43 | Build | Farm |
| 11:57 | Queue | Villager (Male) |
| 12:14 | Build | Farm |
| 12:24 | Queue | Villager (Male) |
| 12:29 | Build | Farm |
| 12:39 | Queue | Militia |
| 12:41 | Build | House |
| 12:47 | Queue | Villager (Male) |
| 13:15 | Research | Feudal Age |
| 13:29 | Build | Mining Camp |
| 13:37 | Queue | Militia |
| 13:47 | Queue | Militia |
| 13:54 | Queue | Villager (Male) |
| 14:05 | Build | House |
| 14:12 | Queue | Villager (Male) |
| 14:17 | Queue | Villager (Male) |
| 14:31 | Build | Farm |
| 14:55 | Queue | Villager (Male) |
| 15:05 | Queue | Militia |
| 15:12 | Build | Lumber Camp |
| 15:27 | Age | Feudal Age |
| 15:32 | Research | Man-at-Arms (upgrade) |
| 15:36 | Queue | Villager (Male) |
| 15:46 | Research | Double-Bit Axe |
| 16:15 | Build | Watch Tower |
| 16:19 | Queue | Villager (Male) |
| 16:26 | Build | Farm |
| 16:26 | Build | Farm |
| 16:27 | Queue | Villager (Male) |
| 16:29 | Build | Farm |
| 16:39 | Queue | Villager (Male) |
| 16:59 | Queue | Militia |
| 16:59 | Queue | Militia |
| 17:04 | Build | Archery Range |
| 17:12 | Build | Farm |
| 17:19 | Queue | Villager (Male) |
| 17:27 | Build | House |
| 17:27 | Build | House |
| 17:35 | Queue | Villager (Male) |
| 17:49 | Queue | Villager (Male) |
| 17:55 | Queue | Villager (Male) |
| 18:02 | Build | House |
| 18:06 | Queue | Villager (Male) |
| 18:07 | Queue | Archer |
| 18:09 | Queue | Villager (Male) |
| 18:11 | Build | Farm |
| 18:11 | Queue | Villager (Male) |
| 18:14 | Build | Farm |
| 18:14 | Build | Farm |
| 18:15 | Build | Farm |
| 18:19 | Build | House |
| 18:20 | Queue | Villager (Male) |
| 18:23 | Queue | Archer |
| 18:29 | Research | Arson |
| 18:36 | Build | Farm |
| 18:42 | Build | Outpost |
| 18:42 | Queue | Villager (Male) |
| 18:49 | Build | Outpost |
| 18:49 | Queue | Villager (Male) |
| 19:00 | Queue | Villager (Male) |
| 19:10 | Queue | Archer |
| 19:11 | Queue | Villager (Male) |
| 19:17 | Queue | Archer |
| 19:28 | Queue | Archer |
| 19:36 | Build | Blacksmith |
| 19:38 | Queue | Villager (Male) |
| 19:44 | Queue | Villager (Male) |
| 19:50 | Queue | Villager (Male) |
| 19:53 | Queue | Villager (Male) |
| 19:55 | Queue | Archer |
| 19:57 | Queue | Villager (Male) |
| 20:04 | Build | Outpost |
| 20:05 | Queue | Villager (Male) |
| 20:13 | Build | Farm |
| 20:19 | Queue | Archer |
| 20:23 | Research | Fletching |
| 20:55 | Build | Farm |
| 20:55 | Build | Farm |
| 20:59 | Build | Farm |
| 21:12 | Queue | Villager (Male) |
| 21:19 | Build | Mining Camp |
| 21:54 | Research | Castle Age |
| 21:54 | Research | Castle Age |
| 22:03 | Queue | Archer |
| 22:15 | Build | House |
| 22:15 | Queue | Villager (Male) |
| 22:27 | Build | Farm |
| 22:28 | Research | Scale Mail Armor |
| 22:50 | Build | Farm |
| 22:51 | Build | Farm |
| 22:51 | Queue | Villager (Male) |
| 22:54 | Build | Outpost |
| 23:01 | Queue | Archer |
| 23:02 | Queue | Villager (Male) |
| 23:04 | Queue | Militia |
| 23:37 | Build | Lumber Camp |
| 23:44 | Build | Market |
| 24:33 | Age | Castle Age |
| 24:53 | Build | Castle |
| 25:23 | Research | Bodkin Arrow |
| 26:04 | Queue | Villager (Male) |
| 26:06 | Queue | Unit 1968 |
| 26:11 | Queue | Villager (Male) |
Match timeline
| 5:42 | willrhyd · wall_segment Palisade Wall x1 |
| 5:42 | willrhyd · wall_segment Palisade Wall x1 |
| 6:05 | willrhyd · first_building Barracks |
| 15:10 | kingnothing · wall_segment Palisade Wall x7 |
| 15:27 | willrhyd · age_up feudal |
| 17:04 | willrhyd · first_building Archery Range |
| 17:31 | kingnothing · wall_segment Palisade Wall x1 |
| 17:45 | kingnothing · wall_segment Palisade Wall x1 |
| 18:34 | kingnothing · age_up feudal |
| 20:16 | kingnothing · wall_segment Palisade Wall x1 |
| 22:16 | kingnothing · first_market_buy 100 food |
| 22:37 | kingnothing · first_market_sell 100 wood |
| 24:33 | willrhyd · age_up castle |
| 24:44 | willrhyd · first_market_buy 100 stone |
| 24:44 | willrhyd · first_market_sell 100 wood |
| 24:53 | willrhyd · first_building Castle |
| 25:19 | kingnothing · age_up castle |
| 25:50 | kingnothing · first_building Castle |
| 27:19 | willrhyd · first_building Monastery |
| 29:40 | kingnothing · resign |
[ AI ANALYSIS · 1 CREDIT ]
What really happened in this match?
Wolo.gg analyzes every decision: build order, eco, micro, common mistakes by bracket. Personalized analysis on WhatsApp or Discord in 30 seconds.
Civ guide
Goths
Perfil
kingnothing